 Dungeon Crawl Stone Soup version 0.29.1-1-gd02db6906a (webtiles) character file.

Game seed: 5886829054893844732

99 Naeght the Poker (level 4, -2/37 HPs)
             Began as a Merfolk Gladiator on Oct 19, 2022.
             Killed by nerve-wracking pain
             ... invoked by Grinder
              (13 damage)
             ... on level 2 of the Dungeon.
             The game lasted 00:08:43 (2916 turns).

Naeght the Poker (Merfolk Gladiator)                Turns: 2916, Time: 00:08:43

Health: -2/37      AC:  5    Str: 14    XL:     4   Next: 72%
Magic:  4/4        EV: 13    Int: 15    God:
Gold:   34         SH:  0    Dex: 15    Spells: 3/3 levels left

rFire   . . .      SeeInvis .   a - +0 trident
rCold   . . .      Faith    .   (no shield)
rNeg    . . .      Spirit   .   b - +0 leather armour
rPois   .          Reflect  .   c - +0 helmet
rElec   .          Harm     .   f - +0 cloak
rCorr   .          Rampage  .   (no gloves)
Will    .....                   (no boots)
Stlth   +.........              (no amulet)
HPRegen 0.12/turn               j - +6 ring of intelligence
MPRegen 0.09/turn               (no ring)

@: studying Fighting
A: (nimble swimmer 2), mertail
a: no special abilities


You were on level 2 of the Dungeon.
You visited 1 branch of the dungeon, and saw 3 of its levels.

You collected 84 gold pieces.
You spent 50 gold pieces at shops.

Inventory:

Hand Weapons
 a - a +0 trident (weapon)
 p - a +1 sling of freezing
Missiles
 d - 3 throwing nets
 i - 2 poisoned darts (quivered)
 o - a javelin
Armour
 b - a +0 leather armour (worn)
 c - a +0 helmet (worn)
 f - a +0 cloak (worn)
Jewellery
 j - a +6 ring of intelligence (left hand)
Scrolls
 g - a scroll of vulnerability
 m - a scroll of magic mapping
 q - a scroll of teleportation
Potions
 e - a potion of brilliance {unknown}
 h - 3 potions of curing {unknown}
 l - 3 potions of cancellation {unknown}
 n - a potion of might {unknown}


   Skills:
 + Level 3.7 Fighting
 * Level 5.7 Polearms
 - Level 2.0 Throwing
 + Level 4.9 Dodging


You had 3 spell levels left.
You didn't know any spells.
Your spell library contained the following spells:

 Spells                   Type           Power      Damage    Failure   Level
 Summon Lightning Spire   Summ/Air       0%         N/A       98%         4
 Storm Form               Tmut/Air       0%         N/A       100%        7
 Maxwell's Capacitive Co  Air            0%         ∞         100%        8


Dungeon Overview and Level Annotations

Branches:
Dungeon (3/15)

Altars:

Shops:
D:1 ?

Annotations:
D:2 Grinder


Innate Abilities, Weirdness & Mutations

((You are very nimble when in or above water. (Stealth+, EV+, Speed+++)))
Your lower body shifts to a powerful aquatic tail in water.


Message History

Grinder gestures at you. Pain shoots through your body!
You barely miss Grinder.
Grinder is lightly wounded.
Grinder grins, showing sharp teeth.
Grinder completely misses you.
You closely miss Grinder.
Grinder is moderately wounded.
Grinder gestures at you.
You barely resist. You closely miss Grinder.
Grinder is moderately wounded.
Grinder looks more healthy.
Grinder says, "Don't move a muscle."
Grinder gestures at you. Pain shoots through your body!
You hit Grinder.
Grinder is moderately wounded.
Grinder gestures at you. Pain shoots through your body! Grinder hits you.
* * * LOW HITPOINT WARNING * * *
You writhe in agony.
* * * LOW HITPOINT WARNING * * *
You climb upwards.
There is a stone staircase leading down here.
You closely miss Grinder.
Grinder is moderately wounded.
Grinder barely misses you.
You hit Grinder.
Grinder is heavily wounded.
Grinder closely misses you.
You puncture Grinder!
Grinder is severely wounded.
Grinder barely misses you.
You hit Grinder.
Grinder is severely wounded.
Grinder gestures at you. Pain shoots through your body!
You die...

.......#...#........#..##........
..#...........#.....#.###....#...
..#...............#.#.# #....#...
#.#...##...##.....#.#)# #...##..#
....................#.###.####..#
....................#.)........##
..##.###.#.#..................###
..##...#.#.##.#.....#.......####.
..##)###.#.#....@5..#....#### #..
..............#.....#.#### ##..
..##.#####.#.....##.#...### #...
....................#.....## #...
..##.#.###.#.#.####.#......###...
..##.#.# #...#.####.#.###..##....
..##.#.###.#.....####.###...#....
.................# #..##...#....
...........##....# #............


You could see Grinder.

Vanquished Creatures
  Robin (D:2)
  An adder (D:2)
  2 worms (D:2)
  2 dart slugs (D:1)
  7 bats
  3 endoplasms
  5 giant cockroaches
  17 goblins
  4 hobgoblins
  9 kobolds
  A quokka (D:2)
  4 ball pythons
  3 frilled lizards
  2 rats
61 creatures vanquished.

Notes
Turn   | Place    | Note
-------+----------+-------------------------------------------
     0 | D:1      | Naeght the Merfolk Gladiator began the quest for the Orb.
     0 | D:1      | Reached XP level 1. HP: 16/16 MP: 1/1
   152 | D:1      | Reached XP level 2. HP: 23/23 MP: 2/2
   305 | D:1      | Found Jiav's Magic Scroll Shop.
   827 | D:1      | Reached XP level 3. HP: 27/27 MP: 3/3
  1055 | D:2      | Reached skill level 5 in Polearms
  1353 | D:2      | Noticed Robin
  1378 | D:2      | Killed Robin
  1379 | D:2      | Reached XP level 4. HP: 22/35 MP: 4/4
  2060 | D:1      | Bought a scroll of identify for 20 gold pieces
  2060 | D:1      | Bought a scroll of teleportation for 30 gold pieces
  2129 | D:2      | Found a faded altar of an unknown god.
  2594 | D:3      | Noticed Grinder
  2614 | D:3      | Paralysed by Grinder for 4 turns
  2901 | D:3      | Paralysed by Grinder for 3 turns
  2916 | D:2      | Killed from afar by Grinder

Illustrated notes

Levels and vault maps discovered:
D:1:      dpeg_arrival_pond, layout_rooms, serial_shops, shop
D:2:      minmay_recursive_quarters, layout_basic,
          hellmonk_ecumenical_altar_run_dry, uniq_robin
D:3:      layout_loops_ring, nicolae_overflow_hidden_temple, uniq_grinder

Skill      XL: |  1  2  3 |
---------------+----------+-----
Polearms       | 5 |  5.7
Fighting       | 3 |  3.7
Throwing       | |  2.0
Dodging        | |  4.9

Action                   |  1- 3 |  4- 6 || total
-------------------------+-------+-------++-------
Melee: Trident           |   111 |    83 ||   194
       Staff             |    37 |       ||    37
       Punch             |     2 |     2 ||     4
Throw: Javelin           |     1 |       ||     1
       Dart              |       |     2 ||     2
  Use: Scroll            |       |     3 ||     3
 Stab: Sleeping          |     2 |       ||     2
Armor: Leather armour    |    50 |     9 ||    59
Dodge: Dodged            |   103 |    28 ||   131
